 Dungeon Crawl Stone Soup version 0.20.1-1-g8b1a95d (webtiles) character file.

119 vishdafish the Skirmisher (level 4, -3/35 HPs)
             Began as a Demonspawn Fighter on July 3, 2017.
             Blown up by Ijyb (4 damage)
             ... with a wand of disintegration (?/24)
             ... on level 3 of the Dungeon.
             The game lasted 00:02:51 (2004 turns).

vishdafish the Skirmisher (Demonspawn Fighter)      Turns: 2004, Time: 00:02:52

Health: -3/35      AC:  9    Str: 17    XL:     4   Next: 73%
Magic:  4/4        EV:  7    Int: 10    God:
Gold:   55         SH:  9    Dex: 12    Spells: 3/3 levels left

rFire    + . .     SeeInvis .   a - +0 trident
rCold    + . .     Gourm    .   c - +0 shield
rNeg     . . .     Faith    .   b - +0 scale mail
rPois    +         Spirit   .   r - +0 helmet
rElec    +         Reflect  .   s - +0 cloak
rCorr    +         Harm     .   (no gloves)
MR       .....                  (no boots)
Stlth    ..........             (no amulet)
Regen    0.2/turn               (no ring)
MPRegen  0.1/turn               (no ring)

@: resistant
A: talons 2
a: no special abilities


You were on level 3 of the Dungeon.
You were hungry.

You visited 1 branch of the dungeon, and saw 3 of its levels.

You collected 55 gold pieces.

Inventory:

Hand Weapons
 a - a +0 trident (weapon)
Armour
 b - a +0 scale mail (worn)
 c - a +0 shield (worn)
 r - a +0 helmet (worn)
 s - a +0 cloak (worn)
Jewellery
 o - a cursed ring of fire {unknown}
Scrolls
 g - 2 scrolls of enchant weapon {unknown}
 h - 3 scrolls of remove curse {unknown}
 j - 5 scrolls of identify {unknown}
 l - 4 scrolls of magic mapping {unknown}
 m - a scroll of recharging {unknown}
 n - 2 scrolls of teleportation {unknown}
 q - a scroll of enchant armour {unknown}
Potions
 d - a potion of might
 e - a potion of haste {unknown}
 i - a potion of resistance
 k - a potion of heal wounds {unknown}
 p - a potion of berserk rage {unknown}
 t - a potion of degeneration {unknown}
Comestibles
 f - 3 bread rations


   Skills:
 + Level 3.4 Fighting
 + Level 3.1 Polearms
 + Level 3.0 Armour
 + Level 1.0 Dodging
 + Level 0.4 Stealth
 + Level 3.2 Shields


You had 3 spell levels left.
You didn't know any spells.

Dungeon Overview and Level Annotations

Branches:
Dungeon (3/15)

Altars:
Kikubaaqudgha

Annotations:
D:3 Ijyb


Innate Abilities, Weirdness & Mutations

You have razor-sharp toenails.


Message History

The bat hits you but does no damage. Ijyb hits you but does no damage.
You puncture Ijyb! Your kick misses Ijyb.
Ijyb is moderately wounded.
The bat closely misses you. You block the bat's attack.
Ijyb grins evilly.
Ijyb hits you but does no damage. You block Ijyb's attack.
You completely miss Ijyb.
Ijyb is moderately wounded.
The bat hits you but does no damage. Ijyb barely misses you.
You closely miss Ijyb. You claw Ijyb, but do no damage.
Ijyb is moderately wounded.
You block the bat's attack. Ijyb hits you but does no damage.
Your shield and scale mail prevent you from hitting Ijyb.
Ijyb is moderately wounded.
You block the bat's attack. Ijyb hits you.
* * * LOW HITPOINT WARNING * * *
You closely miss Ijyb. You claw Ijyb, but do no damage.
Ijyb is moderately wounded.
You block the bat's attack.
Ijyb zaps a wand.
You are blasted!
You die...

### .#########..
.........#.##############
.......#.#.#.............
?...#....#.#.###...#.####
...............#...#.#...
.........#.##..#...#.#...
.......b.#.#.........#...
........@#.#...#.....#...
........g#.#.....†.......
.....?..##.#.........#...
....##.#.#.###.###...###.
.#.# #. .......[.........
#. #. .#.###.#.#.#.###. #
.. .#.# ......#..... ##
+# # ###.#.....#.
#.#.......


You could see Ijyb and a bat.

Vanquished Creatures
  Robin (D:3)
  3 adders (D:2)
  A shadow imp (D:3)
  A worm (D:2)
  A dart slug (D:1)
  3 leopard geckos
  An orc (D:3)
  4 bats
  3 giant cockroaches
  10 goblins
  12 hobgoblins
  4 jackals (D:1)
  7 kobolds
  3 frilled lizards
  6 rats
60 creatures vanquished.

Notes
Turn   | Place    | Note
-------+----------+-------------------------------------------
     0 | D:1      | vishdafish the Demonspawn Fighter began the quest for the Orb.
     0 | D:1      | Reached XP level 1. HP: 18/18 MP: 1/1
   335 | D:1      | Gained mutation: You have sharp toenails. [demonic ancestry]
   335 | D:1      | Reached XP level 2. HP: 24/24 MP: 2/2
   579 | D:1      | Reached XP level 3. HP: 29/29 MP: 3/3
   831 | D:2      | Found an ancient bone altar of Kikubaaqudgha.
  1065 | D:2      | Reached skill level 1 in Dodging
  1065 | D:2      | Gained mutation: You have razor-sharp toenails. [demonic ancestry]
  1065 | D:2      | Reached XP level 4. HP: 35/35 MP: 4/4
  1252 | D:3      | Noticed Robin
  1686 | D:3      | Killed Robin
  1990 | D:3      | Noticed Ijyb
  2003 | D:3      | HP: 1/35 [Ijyb (2)]
  2004 | D:3      | Blown up by Ijyb

Skill      XL: |  1  2  3  4 |
---------------+-------------+-----
Polearms       | 2 3 |  3.1
Shields        | 3 |  3.2
Dodging        | 1 |  1.0
Armour         | 3 |  3.0
Fighting       | |  3.4
Stealth        | |  0.4

Action                   |  1- 3 |  4- 6 || total
-------------------------+-------+-------++-------
Melee: Trident           |   107 |    70 ||   177
       Kick              |    20 |    16 ||    36
  Use: Potion            |       |     1 ||     1
  Eat: Chunk             |       |     3 ||     3
Armor: Scale mail        |    57 |    35 ||    92
Dodge: Dodged            |    26 |    26 ||    52
Block: Shield            |    57 |    56 ||   113
